 Dungeon Crawl Stone Soup version 0.26.0-10-g1f06aea511 (webtiles) character file.

Game seed: 10579330501363287130

46 Borgoz the Ruffian (level 3, -2/30 HPs)
             Began as a Ghoul Gladiator on Jan 15, 2021.
             Slain by a rat (3 damage)
             ... on level 2 of the Dungeon.
             The game lasted 00:02:52 (1296 turns).

Borgoz the Ruffian (Ghoul Gladiator)                Turns: 1296, Time: 00:02:53

Health: -2/30      AC:  6    Str: 17    XL:     3   Next: 66%
Magic:  2/2        EV: 12    Int:  3    God:
Gold:   94         SH:  0    Dex: 11    Spells: 2/2 levels left

rFire    + . .     SeeInvis .     - Unarmed
rCold    + . .     Faith    .   (no shield)
rNeg     + + +     Spirit   .   k - +0 ring mail
rPois    ∞         Reflect  .   b - +0 helmet
rElec    .         Harm     .   (no cloak)
rCorr    .         Rampage  .   (no gloves)
Will     .....                  (no boots)
Stlth    +.........             g - amulet of inaccuracy (curse)
HPRegen  0.00/turn              a - ring of protection from fire
MPRegen  0.08/turn              (no ring)

@: brilliant
A: claws 1, cold resistance 1, negative energy resistance 3, inhibited
regeneration, torment resistance, unbreathing
a: no special abilities


You were on level 2 of the Dungeon.
You visited 1 branch of the dungeon, and saw 2 of its levels.

You collected 94 gold pieces.

Inventory:

Missiles
 c - 3 throwing nets (quivered)
Armour
 b - a +0 helmet (worn)
 k - a +0 ring mail (worn)
Jewellery
 a - a ring of protection from fire (left claw)
 g - a cursed amulet of inaccuracy (around neck)
Scrolls
 e - a scroll of teleportation
Potions
 d - a potion of flight
 f - a potion of lignification
 i - a potion of curing {unknown}
 j - a potion of ambrosia {unknown}
 l - a potion of magic


   Skills:
 + Level 2.6 Fighting
 - Level 1.7 Throwing
 * Level 1.4 Armour
 * Level 3.2 Dodging
 + Level 3.6 Unarmed Combat


You had 2 spell levels left.
You didn't know any spells.
Your spell library was empty.

Dungeon Overview and Level Annotations

Branches:
Dungeon (2/15)

Altars:


Innate Abilities, Weirdness & Mutations

You thrive by killing the living.
You are immune to poison.
You have sharp fingernails.
Your flesh is cold resistant. (rC+)
You are immune to negative energy. (rN+++)
You do not regenerate when monsters are visible.
You are immune to unholy pain and torment.
You can survive without breathing.


Message History

You miss the kobold. The jackal misses you. The jackal bites you.
* * * LOW HITPOINT WARNING * * *
The rat bites you.
* * * LOW HITPOINT WARNING * * *
The kobold hits you.
* * * LOW HITPOINT WARNING * * *
You miss the kobold.
The jackal bites you but does no damage.
The jackal bites you.
* * * LOW HITPOINT WARNING * * *
The rat twitches its whiskers.
The rat bites you but does no damage. The kobold misses you.
You barely miss the kobold. The jackal closely misses you. x2
The rat closely misses you. The kobold closely misses you.
The jackal bites you but does no damage. x2
It was a potion of brilliance.
You feel clever all of a sudden.
The jackal bites you but does no damage.
The jackal barely misses you. The rat bites you.
You die...

....K.......
###...........
............. .
###..#.g....... ..#
#....##.......#
..(.####.##.#...).....
.##.........r.$.......
......r#K####.<.......
.....gh@h# #........(
.#...##### #.........
#.. ##.......# #.
##.....## # ######


You could see 2 jackals, a hobgoblin, a kobold and a rat.

Vanquished Creatures
  A dart slug (D:1)
  A leopard gecko (D:1)
  4 goblins (D:1)
  2 hobgoblins (D:1)
  8 jackals
  5 kobolds (D:1)
  5 bats (D:1)
  3 frilled lizards (D:1)
  6 rats
  A bush (D:1)
36 creatures vanquished.

Vanquished Creatures (others)
  An adder (D:2)
  11 plants (D:1)
12 creatures vanquished.

Grand Total: 48 creatures vanquished

Notes
Turn   | Place    | Note
-------+----------+-------------------------------------------
     0 | D:1      | Borgoz the Ghoul Gladiator began the quest for the Orb.
     0 | D:1      | Reached XP level 1. HP: 17/17 MP: 0/0
    70 | D:1      | Reached XP level 2. HP: 11/25 MP: 1/1
   303 | D:1      | Reached skill level 1 in Armour
   547 | D:1      | HP: 1/25 [goblin/+0 club (1)]
   551 | D:1      | Reached XP level 3. HP: 4/30 MP: 2/2
   553 | D:1      | HP: 1/30 [rat (2)]
  1294 | D:2      | HP: 1/30 [jackal (1)]
  1296 | D:2      | Slain by a rat

Illustrated notes

Levels and vault maps discovered:
D:1:      lightli_arrival_quake, layout_rooms, lexackson_kobold_supper
D:2:      layout_rooms, minmay_small_reverse_x, uniq_natasha

Skill      XL: |  1  2 |
---------------+-------+-----
Dodging        | 3 |  3.2
Armour         | 1 |  1.4
Fighting       | |  2.6
Throwing       | |  1.7
Unarmed Combat | |  3.6

Action                   || total
-------------------------++-------
Melee: Unarmed           ||   308
       Punch             ||     5
  Use: Scroll            ||     4
       Potion            ||     2
Armor: Leather armour    ||    66
       Ring mail         ||    39
Dodge: Dodged            ||   194
